Unix NetHack Version 5.0.0-0 post-release - last build May 23 2026 06:08:33 (1c0ff79ee797540d5714e4e18072db0edd9e58ae,branch:main).

Game began 2026-05-25 07:22:13, ended 2026-05-25 07:32:44.

Atomicjoy, chaotic male elven Wizard

                                                     --+--.-----
                                                     |.........|
                                                     |..f......|
                                                     |......$..|
                                                     |........@|
                                                     |.........|
                                                     |.........|
                                                     -----#-----

Atomicjoy the Evoker      St:10 Dx:16 Co:11 In:17 Wi:12 Ch:9  Chaotic
Dlvl:4  $:227 HP:0(16) Pw:8(8) AC:8  Xp:1/17 T:948 

Latest messages:
 H - a short wand.
 The door opens.
 You see here 9 gold pieces.
 $ - 9 gold pieces (222 in total).
 The door opens.
 You kill the grid bug!
 You hear some noises.
 You see here 5 gold pieces.
 $ - 5 gold pieces (227 in total).
 This door is locked.
 This door is locked.
 This door is locked.
 In what direction? 4
 The door crashes open!
 You swap places with your kitten.
 You swap places with your kitten.
 You swap places with your kitten.
 You miss the hobbit.
 The hobbit thrusts her elven dagger.
 The hobbit hits!
 You swap places with your kitten.
 The kitten bites it.
 It thrusts its elven dagger at the kitten.
 It misses the kitten.
 You hear a hobbit incant ETAOIN SHRDLU.
 Call a scroll labeled ETAOIN SHRDLU: 
 You see here a scroll labeled KERNOD WEL.
 I - a scroll labeled KERNOD WEL.
 You see here a chest.
 Hmmm, the chest turns out to be locked.
 The hobbit thrusts her elven dagger.
 The hobbit hits!
 You swap places with your kitten.
 The hobbit thrusts her elven dagger.
 The hobbit hits!
 The kitten bites the hobbit.
 The hobbit thrusts her elven dagger at the kitten.
 The hobbit hits the kitten.
 The kitten bites the hobbit.
 The hobbit is killed!
 Your kitten eats an egg.
 You swap places with your kitten.
 J - an elven dagger.
 v - a food ration (5 in total).
 Suddenly, the kitten falls through a trap door.
 Really step onto that trap door? [yn] (n) y
 A trap door opens up under you!
 You die...
 Do you want your possessions identified? [ynq] (y) y
 Do you want to see your attributes? [ynq] (y) q

Inventory:
 Coins    ('$')
  $ - 227 gold pieces
 Weapons  (')')
  J - a +0 elven dagger
  a - a blessed +1 quarterstaff (weapon in hands)
 Armor    ('[')
  u - an uncursed +0 orcish helm (being worn)
  b - an uncursed +0 cloak of magic resistance (being worn)
 Comestibles  ('%')
  q - a cursed slime mold
  v - 5 uncursed food rations
  G - an uncursed lembas wafer
  F - an uncursed pancake
  w - an uncursed tin of smoked lichen
  s - an uncursed lichen corpse
 Scrolls  ('?')
  z - an uncursed scroll of blank paper
  i - a blessed scroll of create monster
  E - an uncursed scroll of destroy armor
  k - an uncursed scroll of enchant armor
  j - an uncursed scroll of enchant weapon
  I - an uncursed scroll of remove curse
 Potions  ('!')
  h - a blessed potion of confusion
  g - an uncursed potion of gain ability
  f - an uncursed potion of water
 Rings    ('=')
  d - an uncursed ring of cold resistance
  e - an uncursed ring of regeneration
 Wands    ('/')
  c - a wand of create monster (0:11)
  H - a wand of digging (0:8)
 Tools    ('(')
  D - a cursed sack named C containing 1 item
  p - an uncursed wooden flute
  o - an uncursed blindfold
  n - a magic marker (0:22)
  t - a cursed magic marker (0:97)
  r - a cursed tinning kit (0:91)

Contents of the sack named C:
  an uncursed food ration

Atomicjoy the Wizard's attributes:

Background:
 You were an Evoker, a level 1 male elven Wizard.
 You were chaotic, on a mission for Anhur
 who was opposed by Ptah (lawful) and Thoth (neutral).
 You were right-handed.
 You were in the Dungeons of Doom, on level 4.
 You entered the dungeon 948 turns ago.
 You had 17 experience points, 3 more were needed to attain level 2.

Basics:
 You had 0 out of 16 hit points.
 You had all 8 energy points (spell power).
 Your armor class was 8.
 Your wallet contained 227 zorkmids.
 Autopickup was off.

Final Characteristics:
 Your strength was 10 (limit:18).
 Your dexterity was 16 (limit:18).
 Your constitution was 11 (limit:16).
 Your intelligence was 17 (limit:20).
 Your wisdom was 12 (limit:20).
 Your charisma was 9 (limit:18).

Final Status:
 You weren't hungry.
 You were unencumbered.
 You were wielding a quarterstaff.
 You had basic skill with quarterstaff.

Final Attributes:
 You were devoutly aligned.
 You were magic-protected.
 You had infravision.
 You were warded.
 You are dead.

Miscellaneous:
 You didn't encounter any bones levels.
 Total elapsed playing time was 10 minutes and 30 seconds.

Major events:
 Turn
    1: Atomicjoy the chaotic male elven Wizard entered the dungeon
  694: entered the Gnomish Mines
  948: killed by falling down a mine shaft

Spells:
 Name                 Level Category     Fail Retention
 force bolt             1   attack         0%  91%-100%
 slow monster           2   enchantment    0%  91%-100%

Skills:
 Fighting Skills
   bare handed combat [Unskilled]
   riding             [Unskilled]
 Weapon Skills
   dagger             [Unskilled]
   knife              [Unskilled]
   axe                [Unskilled]
   short sword        [Unskilled]
   club               [Unskilled]
   mace               [Unskilled]
   quarterstaff       [Basic]
   polearms           [Unskilled]
   spear              [Unskilled]
   trident            [Unskilled]
   sling              [Unskilled]
   dart               [Unskilled]
   shuriken           [Unskilled]
 Spellcasting Skills
   attack spells      [Basic]
   healing spells     [Unskilled]
   divination spells  [Unskilled]
   enchantment spells [Basic]
   clerical spells    [Unskilled]
   escape spells      [Unskilled]
   matter spells      [Unskilled]

Voluntary challenges:
 Character rerolling was not enabled.
 You were illiterate.
 You never genocided any monsters.
 You never polymorphed an object.
 You never changed form.
 You used no wishes.
Achievements:
 You entered a shop.
 You entered the Gnomish Mines.

 The Dungeons of Doom: levels 1 to 4
    Level 1:
       A fountain, a grave.
    Level 2:
       A general store, a fountain.
       Stairs down to The Gnomish Mines.
    Level 3:
       Some fountains.
    Level 4: <- You were here.
       Final resting place for
          you, killed by falling down a mine shaft.
 The Gnomish Mines:
    Level 3:


Vanquished creatures:
 an acid blob
  a hobbit
  a yellow mold
  4 jackals
  a fox
  3 goblins
  2 sewer rats
  6 grid bugs
  2 lichens
  2 newts
23 creatures vanquished.

No species were genocided or became extinct.

Game over:
                       ----------
                      /          \
                     /    REST    \
                    /      IN      \
                   /     PEACE      \
                  /                  \
                  |    Atomicjoy     |
                  |      227 Au      |
                  |    killed by     |
                  |  falling down a  |
                  |    mine shaft    |
                  |                  |
                  |       2026       |
                 *|     *  *  *      | *
        _________)/\\_//(\/(/\)/\//\/|_)_______

Goodbye Atomicjoy the Wizard...

You died in The Dungeons of Doom on dungeon level 4 with 423 points,
and 227 pieces of gold, after 948 moves.
You were level 1 with a maximum of 16 hit points when you died.

